 Dungeon Crawl Stone Soup version 0.20.1 (webtiles) character file.

34 KleinerIrrer the Grave Robber (level 3, -4/26 HPs)
             Began as a Demigod Necromancer on July 2, 2017.
             Slain by a gnoll
             ... wielding a +0 spear
              (5 damage)
             ... on level 1 of the Dungeon.
             The game lasted 00:03:04 (1394 turns).

KleinerIrrer the Grave Robber (Demigod Necromancer) Turns: 1394, Time: 00:03:05

Health: -4/26      AC:  7    Str: 13    XL:     3   Next: 1%
Magic:  8/8        EV:  9    Int: 19    God:
Gold:   74         SH:  0    Dex: 16    Spells: 5/6 levels left

rFire    . . .     SeeInvis .   j - +1 hand axe (flame)
rCold    . . .     Gourm    .   (no shield)
rNeg     . . .     Faith    .   o - +0 scale mail
rPois    .         Spirit   .   (no helmet)
rElec    .         Reflect  .   (no cloak)
rCorr    .         Harm     .   (no gloves)
MR       .....                  f - +0 pair of boots
Stlth    +.........             (no amulet)
Regen    0.1/turn               (no ring)
MPRegen  0.2/turn               (no ring)

@: no status effects
A: high mp 1
a: no special abilities


You were on level 1 of the Dungeon.
You were hungry.

You visited 1 branch of the dungeon, and saw 2 of its levels.

You collected 74 gold pieces.

Inventory:

Hand Weapons
 i - a +0 antimagic short sword
 j - a +1 hand axe of flaming (weapon)
Armour
 a - a +0 robe
 f - a +0 pair of boots (worn)
 o - a +0 scale mail (worn)
Scrolls
 e - 2 scrolls of amnesia {unknown}
 g - a scroll of recharging {unknown}
 m - a scroll of identify {unknown}
Potions
 h - 2 potions of haste {unknown}
 k - a potion of ambrosia {unknown}
 l - a potion of flight {unknown}
Books
 b - a book of Necromancy

   Spells                             Type                      Level
   a - Pain                           Necromancy                   1
   b - Animate Skeleton               Necromancy                   1
   c - Vampiric Draining              Necromancy                   3
   d - Regeneration                   Charms/Necromancy            3
   e - Animate Dead                   Necromancy                   4
   f - Control Undead                 Necromancy                   4
Comestibles
 c - a bread ration
 d - a royal jelly


   Skills:
 * Level 0.3 Armour
 * Level 1.9 Dodging
 - Level 1.7 Stealth
 + Level 2.1 Spellcasting
 + Level 4.2 Necromancy


You had 5 spell levels left.
You knew the following spells:

 Your Spells              Type           Power        Failure   Level  Hunger
a - Pain                  Necr           ###.         14%         1    #......


Dungeon Overview and Level Annotations

Branches:
Dungeon (2/15)


Innate Abilities, Weirdness & Mutations

You have an increased reservoir of magic. (+10% MP)


Message History

The gnoll hits you from afar with a halberd!
The gnoll barely misses you.
You climb upwards.
There is a stone staircase leading down here.
You closely miss the gnoll. The gnoll hits you with a spear.
You hit the gnoll. You burn the gnoll.
The gnoll is heavily wounded.
The gnoll hits you with a spear!
* * * LOW HITPOINT WARNING * * *
You hit the gnoll. You burn the gnoll.
The gnoll is almost dead.
The gnoll closely misses you. The gnoll hits you but does no damage.
You closely miss the gnoll.
The gnoll is almost dead.
The gnoll hits you with a spear.
* * * LOW HITPOINT WARNING * * *
You barely miss the gnoll.
The gnoll is almost dead.
The gnoll hits you with a spear.
You die...

..# #.##.#.##..#..#####.####
..# #.##.#.##...............
#.# ##.##..........##....####
#.#######...###........##.####
# #.........#........#..###.#
# #########...########..# #.#
# #########.### #..# #.# #
#..........#########..#
#.#######
#########......)@g..).#
#.##..... #.#########..)#
#.##.#### #.##### #...# #.##.#
#.....#####[..###.##.#
#####.............##.####
#######..#..........#
#..#.##.#....#.
########..#.##.....###
#.........#.####....#.


You could see a gnoll.

Vanquished Creatures
  2 oozes (D:1)
  2 dart slugs (D:1)
  A hobgoblin (D:1)
  A jackal (D:1)
  4 kobolds (D:1)
  3 bats
  2 frilled lizards (D:1)
  4 goblins (D:1)
  2 rats (D:1)
21 creatures vanquished.

Notes
Turn   | Place    | Note
-------+----------+-------------------------------------------
     0 | D:1      | KleinerIrrer the Demigod Necromancer began the quest for the Orb.
     0 | D:1      | Reached XP level 1. HP: 14/14 MP: 5/5
   646 | D:1      | Reached XP level 2. HP: 12/20 MP: 7/7
   866 | D:1      | Reached skill level 4 in Necromancy
  1266 | D:1      | Reached XP level 3. HP: 16/26 MP: 8/8
  1393 | D:1      | HP: 1/26 [gnoll/spear (2)]
  1394 | D:1      | Slain by a gnoll

Skill      XL: |  1  2 |
---------------+-------+-----
Spellcasting   | 2 |  2.1
Necromancy     | 4 |  4.2
Armour         | |  0.3
Dodging        | |  1.9
Stealth        | |  1.7

Action                   || total
-------------------------++-------
Melee: Short sword       ||    22
       Hand axe          ||    47
 Cast: Pain              ||     4
 Stab: Sleeping          ||     4
  Eat: Chunk             ||     1
Armor: Robe              ||    11
       Scale mail        ||    12
Dodge: Dodged            ||    50
